 Dungeon Crawl Stone Soup version 0.31.0-1-g2c135a008e (webtiles) character file.

Game seed: 18277001285323362178

415 qw the Shooter (level 7, -2/52 HPs)
             Began as a Djinni Hunter on Jan 24, 2024.
             Slain by a sky beast (5 damage)
             ... on level 5 of the Dungeon.
             The game lasted 00:00:13 (3209 turns).

qw the Shooter (Djinni Hunter)                      Turns: 3209, Time: 00:00:14

Health: -2/52      AC:  5    Str: 10    XL:     7   Next: 15%
Gold:   250        EV: 14    Int: 11    God:
                   SH:  0    Dex: 18

rFire   + + .        a - +0 shortbow
rCold   + + .        (shield currently unavailable)
rNeg    . . .        b - +2 robe of Minor Irritation {rC+++ rCorr MP+9 Stlth-}
rPois   inf          (no helmet)
rElec   .            (no cloak)
rCorr   +            k - +0 pair of gloves
SInv    .            (boots unavailable)
Will    +....        (no amulet)
Stlth   +            d - ring of willpower
HPRegen 0.28/turn    (no ring)
MPRegen 0.00/turn

%: infuse magic (-3 HP)
@: flying
A: sickness immunity, fire resistance 2, cold vulnerability 1, float, innate
caster, HP casting, extra vitality 1
a: no special abilities


You were on level 5 of the Dungeon.
You visited 1 branch of the dungeon, and saw 5 of its levels.

You collected 250 gold pieces.


Innate Abilities, Weirdness & Mutations

You are immune to sickness and miasma.
You are immune to poison.
Your flesh is very heat resistant. (rF++)
You are vulnerable to cold. (rC-)
You float through the air rather than walking.
You learn spells naturally, not from books.
Your magical power is your life essence.
You have superior vitality. (+4 MHP)


   Skills:
 - Level 4.0 Fighting
 + Level 5.1 Ranged Weapons
 - Level 1.0 Armour
 - Level 4.0 Dodging
 - Level 0.7 Stealth


You knew the following spells:

 Your Spells              Type           Power      Damage    Failure   Level
a - Kiss of Death         Conj/Necr      0%         2d5       34%         1
b - Jinxbite              Hex            0%         N/A       47%         2
c - Call Imp              Summ           0%         N/A       47%         2
Your spell library was empty.

Inventory:

Hand Weapons
 a - a +0 shortbow (weapon)
Armour
 b - the +2 robe of Minor Irritation (worn) {rC+++ rCorr MP+9 Stlth-}
   (You found it on level 2 of the Dungeon)

   rC+++:     It renders you almost immune to cold.
   MP+9:      It affects your magic capacity (+9).
   rCorr:     It protects you from acid and corrosion.
   Stlth-:    It makes you less stealthy.
 k - a +0 pair of gloves (worn)
Jewellery
 d - a ring of willpower (left hand)
Wands
 f - a wand of paralysis (15)
 j - a wand of flame (16)
Potions
 c - a potion of haste
 e - a potion of lignification {unknown}
 g - 2 potions of curing
 h - a potion of might {unknown}
 i - a potion of brilliance {unknown}
 l - a potion of heal wounds {unknown}
 m - a potion of resistance
 o - a potion of degeneration {unknown}

Dungeon Overview and Level Annotations

Branches:
Dungeon (5/15)             Temple (0/1) D:4

Altars:
Qazlal

Shops:
D:3 (


Message History

The ufetubus hits you. The sky beast hits you. The sky beast shocks you.
You shoot an arrow.
The arrow hits the sky beast but does no damage.
The sky beast is lightly wounded.
The ufetubus hits you.
The ufetubus hits you but does no damage.
The sky beast closely misses you. The ufetubus completely misses you.
The ufetubus closely misses you.
You shoot an arrow.
The arrow hits the sky beast but does no damage.
The sky beast is lightly wounded.
The ufetubus barely misses you. x2
The sky beast hits you but does no damage.
You shoot an arrow. The arrow hits the sky beast!
The sky beast is heavily wounded.
The ufetubus hits you. The ufetubus misses you. x3
The sky beast flickers out of sight!
Deactivating autopickup; reactivate with Ctrl-A.
Something hits you but does no damage.
You shoot an arrow. The arrow barely misses the ufetubus.
The ufetubus barely misses you. The ufetubus misses you. Something hits you.
Something shocks you.
The ufetubus hits you but does no damage.
The ufetubus misses you.
You shoot an arrow. The arrow hits the ufetubus!
The ufetubus is almost dead.
The ufetubus closely misses you. The ufetubus hits you.
Something hits you but does no damage.
You shoot an arrow. The arrow barely misses the ufetubus.
The ufetubus misses you. The ufetubus completely misses you.
Something hits you. Something shocks you. The ufetubus completely misses you.
The ufetubus misses you.
You shoot an arrow. The arrow hits the ufetubus.
You kill the ufetubus!
Something hits you. Something shocks you.
You shoot an arrow. Something hits you but does no damage.
You shoot an arrow. Something hits you but does no damage. Something hits you.
Something shocks you.
You die...

....... ....... .......
....... ....... .......
.......#################
#.....{@................
#####################.##
#<................#
###################


There were no monsters in sight!

Vanquished Creatures
  2 phantoms (D:4)
  A scorpion (D:4)
  A gnoll (D:1)
  8 adders
  A shadow imp (D:5)
  A white imp (D:5)
  2 ufetubi (D:5)
  2 ribbon worms
  2 dart slugs (D:2)
  7 orcs
  5 endoplasms
  3 giant cockroaches
  8 goblins
  10 hobgoblins
  6 jackals
  5 quokkas
  10 ball pythons
  3 bats (D:1)
  2 frilled lizards (D:1)
  10 kobolds
  4 rats
93 creatures vanquished.

Notes
Turn   | Place    | Note
-------+----------+-------------------------------------------
     0 | D:1      | qw the Djinni Hunter began the quest for the Orb.
     0 | D:1      | Reached XP level 1. HP: 18/18 MP: 0/0
     0 | D:1      | 0 ||| qw: Version: 0.3-a-136-gdd3b4e8
     0 | D:1      | 0 ||| qw: Game counter: 1301
     0 | D:1      | 0 ||| qw: Melee chars always use a shield: true
     0 | D:1      | 0 ||| qw: God list: Okawaru
     0 | D:1      | 0 ||| qw: Allow faded altars: false
     0 | D:1      | 0 ||| qw: Do Orc after clearing Dungeon:15 true
     0 | D:1      | 0 ||| qw: Do second Lair branch before Depths: true
     0 | D:1      | 0 ||| qw: Lair rune preference: random
     0 | D:1      | 0 ||| qw: Goals: Normal
     0 | D:1      | 0 ||| PLANNING D:1-11
   124 | D:1      | Reached XP level 2. HP: 23/23 MP: 0/0
   350 | D:1      | Reached XP level 3. HP: 28/28 MP: 0/0
   350 | D:1      | Learned a level 1 spell: Kiss of Death
   352 | D:1      | Reached skill level 4 in Ranged Weapons
   795 | D:1      | 795 ||| UPGRADING to +0 ring mail.
   805 | D:1      | 805 ||| DROPPING +0 leather armour.
   806 | D:1      | 806 ||| READING scroll labelled JAVVUI GABOE.
   807 | D:1      | 807 ||| READING scroll labelled AZYDEYKIAH.
   812 | D:1      | 812 ||| READING scroll labelled KUCHYPLI ATEUF.
   813 | D:1      | 813 ||| DROPPING scroll of butterflies.
   844 | D:2      | Reached XP level 4. HP: 31/34 MP: 0/0
   864 | D:2      | Reached skill level 1 in Armour
   912 | D:2      | Reached skill level 3 in Fighting
   920 | D:2      | Identified the +2 robe of Minor Irritation {rC+++ rCorr
                  | MP+9 Stlth-}
   923 | D:2      | Found a stormy altar of Qazlal.
  1089 | D:2      | Reached XP level 5. HP: 40/40 MP: 0/0
  1089 | D:2      | Learned a level 2 spell: Jinxbite
  1502 | D:2      | 1502 ||| UPGRADING to +2 robe of Minor Irritation {rC+++
                  | rCorr MP+9 Stlth-}.
  1512 | D:2      | 1512 ||| DROPPING +0 ring mail.
  1513 | D:2      | 1513 ||| UPGRADING to ring of willpower.
  1514 | D:2      | 1514 ||| READING scroll labelled ZUARRASHRUSE.
  1615 | D:2      | 1615 ||| READING 2 scrolls labelled NAONO HIKHLOD.
  1615 | D:2      | 1615 ||| IDENTIFYING bubbling dark potion
  1616 | D:2      | 1616 ||| READING scroll of identify.
  1616 | D:2      | 1616 ||| IDENTIFYING lumpy cyan potion
  1617 | D:2      | 1617 ||| DROPPING potion of ambrosia.
  1894 | D:3      | Reached skill level 3 in Dodging
  1933 | D:3      | Found Reppeu's Weapon Shoppe.
  2394 | D:3      | 2394 ||| READING scroll labelled ELUNNIL MITHUTT.
  2395 | D:3      | 2395 ||| DRINKING 2 inky potions.
  2444 | D:4      | Found a staircase to the Ecumenical Temple.
  2446 | D:4      | 2446 ||| PLANNING TEMPLE
  2510 | D:4      | Reached skill level 5 in Ranged Weapons
  2510 | D:4      | Reached XP level 6. HP: 34/46 MP: 0/0
  2748 | D:4      | Reached XP level 7. HP: 28/52 MP: 0/0
  2748 | D:4      | Learned a level 2 spell: Call Imp
  2748 | D:4      | 2748 ||| FLEEEEING.
  2749 | D:4      | 2749 ||| FLEEEEING.
  3072 | D:4      | 3072 ||| UPGRADING to +0 pair of gloves.
  3077 | D:4      | 3077 ||| READING scroll labelled VEIMOM BOSUNEN.
  3078 | D:4      | 3078 ||| DRINKING 2 sedimented amethyst potions.
  3115 | D:5      | Entered Level 5 of the Dungeon
  3206 | D:5      | HP: 11/52 [something (5)]
  3207 | D:5      | HP: 5/52 [something (5)]
  3209 | D:5      | Slain by a sky beast

Levels and vault maps discovered:
D:1:      tekkud_arrival_beachfront_property, layout_loops_corners
D:2:      layout_basic, basic_altar
D:3:      layout_basic, serial_shops, shop
D:4:      layout_cave_pools, minmay_temple_entry_from_below_b,
          kennysheep_cross_bottleneck
D:5:      layout_basic, hex_medium, amcnicky_mini_rare_corridor_liquid,
          kennysheep_small_spiral, dreamdust_gnoll_farm

Skill      XL: |  1  2  3  4  5  6  7 |
---------------+----------------------+-----
Ranged Weapons | 4 5 |  5.1
Armour         | 1 |  1.0
Fighting       | 3 4 |  4.0
Dodging        | 3 4 |  4.0
Stealth        | |  0.7

Action                     |  1- 3 |  4- 6 |  7- 9 || total
---------------------------+-------+-------+-------++-------
   Fire: Shortbow          |    78 |   233 |    49 ||   360
    Use: Scroll            |     3 |     4 |     1 ||     8
         Potion            |       |     1 |     1 ||     2
 Armour: Leather armour    |    16 |       |       ||    16
         Ring mail         |     1 |    28 |       ||    29
         Robe              |       |    44 |    33 ||    77
  Dodge: Dodged            |    31 |    98 |    52 ||   181

Table legend:
 A = Non-vault XP
 B = Vault XP
 C = Vault XP percentage of total XP
 D = Non-vault monster count
 E = Vault monster count
 F = Vault count percentage of total count
                 A         B        C        D         E       F
            +---------+---------+-------+---------+---------+-------
      Total |     594 |       0 |   0.0 |      93 |       0 |   0.0
            +---------+---------+-------+---------+---------+-------
        D:1 |      65 |       0 |   0.0 |      32 |       0 |   0.0
        D:2 |      99 |       0 |   0.0 |      20 |       0 |   0.0
        D:3 |      63 |       0 |   0.0 |      25 |       0 |   0.0
        D:4 |     330 |       0 |   0.0 |      12 |       0 |   0.0
        D:5 |      37 |       0 |   0.0 |       4 |       0 |   0.0
            +---------+---------+-------+---------+---------+-------
